2220 views
Uploaded 2022-09-02 01:27:15
Game version 1.33
45:07 long 2on2 ladder game on (4)Avalanche_LV
Saved by Cabeelibob
2220 views
Uploaded 2022-09-02 01:27:15
Game version 1.33
45:07 long 2on2 ladder game on (4)Avalanche_LV


97 units @ 15.9k
/ 3.1k
64 buildings @ 10.5k
/ 3.8k



| Rod of Necromancy | 3 | 450 |
| Ritual Dagger | 1 | 125 |
| Orb of Corruption | 1 | 375 |
| Scroll of Town Portal | 1 | 350 |
| total: | 6 | 1300g |
| Acolyte | 10 | 750 | / | 0 |
| Ghoul | 4 | 480 | / | 0 |
| Crypt Fiend | 6 | 1290 | / | 240 |
| Obsidian Statue | 3 | 600 | / | 105 |
| Frost Wyrm | 9 | 3465 | / | 1080 |
| Meat Wagon | 3 | 690 | / | 150 |
| total: | 35 | 7275g | / | 1575w |
| Nerubian Tower | 1 | 100 | / | 20 |
| Spirit Tower | 7 | 1015 | / | 280 |
| Crypt | 2 | 400 | / | 100 |
| Ziggurat | 16 | 2400 | / | 800 |
| Altar of Darkness | 1 | 180 | / | 50 |
| Graveyard | 3 | 645 | / | 0 |
| Tomb of Relics | 1 | 130 | / | 30 |
| Necropolis | 2 | 450 | / | 0 |
| Slaughterhouse | 1 | 140 | / | 135 |
| Sacrificial Pit | 1 | 75 | / | 150 |
| Boneyard | 1 | 175 | / | 200 |
| Halls of the Dead | 1 | 320 | / | 210 |
| Black Citadel | 1 | 325 | / | 230 |
| total: | 28 | 4595g | / | 1465w |
| 0:05 | Acolyte |
| 0:05 | Acolyte |
| 0:11 | Crypt |
| 0:12 | Ziggurat |
| 0:36 | Altar of Darkness |
| 1:12 | Ghoul |
| 1:32 | Graveyard |
| 1:40 | Ghoul |
| 1:46 | Tomb of Relics |
| 1:53 | Ziggurat |
| 2:21 | Ghoul |
| 2:40 | Ghoul |
| 2:52 | Nerubian Tower |
| 3:10 | Crypt Fiend |
| 3:12 | Acolyte |
| 3:15 | Death Coil |
| 3:39 | Crypt Fiend |
| 3:44 | Rod of Necromancy |
| 4:30 | Crypt Fiend |
| 5:06 | Ritual Dagger |
| 5:22 | Halls of the Dead |
| 5:26 | Ziggurat |
| 5:44 | Creature Attack |
| 6:14 | Death Pact |
| 6:24 | Ziggurat |
| 6:57 | Crypt Fiend |
| 7:11 | Creature Carapace |
| 7:19 | Ziggurat |
| 7:21 | Rod of Necromancy |
| 7:49 | Black Citadel |
| 7:50 | Burrow |
| 7:57 | Howl of Terror |
| 8:22 | Improved Creature Attack |
| 8:28 | Slaughterhouse |
| 8:44 | Scroll of Town Portal |
| 9:00 | Advanced Creature Attack |
| 9:16 | Web |
| 9:27 | Death Coil |
| 9:29 | Cleaving Attack |
| 9:48 | Obsidian Statue |
| 9:53 | Rod of Necromancy |
| 10:09 | Ziggurat |
| 10:11 | Ziggurat |
| 10:31 | Acolyte |
| 10:31 | Acolyte |
| 10:31 | Acolyte |
| 10:44 | Acolyte |
| 11:16 | Ziggurat |
| 11:21 | Boneyard |
| 11:35 | Destroyer Form |
| 11:43 | Sacrificial Pit |
| 11:47 | Acolyte |
| 12:36 | Frost Wyrm |
| 12:42 | Crypt Fiend |
| 13:13 | Frost Nova |
| 13:18 | Orb of Corruption |
| 14:28 | Frost Wyrm |
| 15:12 | Frost Wyrm |
| 15:14 | Ziggurat |
| 15:16 | Spirit Tower |
| 15:34 | Freezing Breath |
| 15:35 | Frost Wyrm |
| 15:41 | Obsidian Statue |
| 16:40 | Frost Wyrm |
| 16:43 | Improved Creature Carapace |
| 16:48 | Acolyte |
| 17:17 | Acolyte |
| 18:03 | Advanced Creature Carapace |
| 18:04 | Obsidian Statue |
| 18:31 | Meat Wagon |
| 18:31 | Meat Wagon |
| 19:01 | Meat Wagon |
| 22:58 | Cleaving Attack |
| 23:18 | Frost Wyrm |
| 23:23 | Spirit Tower |
| 23:37 | Spirit Tower |
| 23:38 | Spirit Tower |
| 23:41 | Spirit Tower |
| 23:43 | Spirit Tower |
| 23:46 | Spirit Tower |
| 25:31 | Frost Wyrm |
| 26:01 | Frost Wyrm |
| 26:56 | Crypt Fiend |
| 28:41 | Ziggurat |
| 28:43 | Ziggurat |
| 28:45 | Ziggurat |
| 28:48 | Ziggurat |
| 28:53 | Necropolis |
| 29:18 | Necropolis |
| 29:34 | Frost Armor |
| 29:51 | Graveyard |
| 30:53 | Graveyard |
| 31:10 | Ziggurat |
| 31:12 | Ziggurat |
| 31:14 | Ziggurat |
| 31:46 | Crypt |
| 32:09 | Unholy Aura |
| 32:22 | Frost Wyrm |
| Right click | 1980 |
| Select group | 1628 |
| Select | 1101 |
| Misc. action | 449 |
| Build/train/purchase | 109 |
| Chat | 78 |
| Assign group | 42 |
| Use ability | 40 |
| Resource trade | 7 |
| Item give/drop | 5 |
| Remove unit | 3 |
| Minimap ping | 2 |
TeamKiller
(44:59) : 
x1)
| Healing Salve | 1 | 100 |
| Scroll of Town Portal | 1 | 350 |
| Tome of Retraining | 1 | 300 |
| total: | 3 | 750g |
| Peon | 16 | 1200 | / | 0 |
| Troll Headhunter | 14 | 1960 | / | 280 |
| Shaman | 4 | 520 | / | 80 |
| Demolisher | 8 | 1760 | / | 400 |
| Troll Batrider | 20 | 3200 | / | 800 |
| total: | 62 | 8640g | / | 1560w |
| Watch Tower | 8 | 880 | / | 640 |
| Orc Burrow | 12 | 1920 | / | 480 |
| Altar of Storms | 1 | 180 | / | 50 |
| War Mill | 3 | 615 | / | 0 |
| Barracks | 2 | 360 | / | 100 |
| Voodoo Lounge | 3 | 390 | / | 90 |
| Great Hall | 2 | 770 | / | 370 |
| Spirit Lodge | 1 | 150 | / | 150 |
| Beastiary | 3 | 435 | / | 420 |
| Stronghold | 5 | 1575 | / | 950 |
| Fortress | 2 | 650 | / | 380 |
| Altar of Darkness | 1 | 180 | / | 50 |
| total: | 36 | 5880g | / | 2350w |
| 0:03 | Peon |
| 0:03 | Peon |
| 0:03 | Peon |
| 0:21 | Orc Burrow |
| 0:36 | Altar of Storms |
| 0:39 | Peon |
| 0:50 | War Mill |
| 0:52 | Peon |
| 0:52 | Peon |
| 0:57 | Peon |
| 0:57 | Peon |
| 1:11 | Peon |
| 1:26 | Barracks |
| 1:28 | Peon |
| 1:28 | Peon |
| 1:42 | Peon |
| 1:54 | Peon |
| 2:01 | Orc Burrow |
| 2:06 | Peon |
| 2:21 | Barracks |
| 2:43 | Watch Tower |
| 2:45 | Troll Headhunter |
| 2:45 | Troll Headhunter |
| 2:50 | Troll Headhunter |
| 3:14 | Troll Headhunter |
| 3:20 | Troll Headhunter |
| 3:29 | Troll Headhunter |
| 3:36 | Troll Headhunter |
| 3:36 | Troll Headhunter |
| 3:44 | War Stomp |
| 3:48 | Troll Headhunter |
| 3:48 | Troll Headhunter |
| 3:59 | Voodoo Lounge |
| 4:55 | Endurance Aura |
| 4:59 | Orc Burrow |
| 5:39 | Stronghold |
| 5:57 | Troll Headhunter |
| 5:57 | Troll Headhunter |
| 6:15 | War Stomp |
| 6:37 | Troll Headhunter |
| 7:30 | Spiked Barricades |
| 7:33 | Orc Burrow |
| 7:48 | Endurance Aura |
| 7:50 | Healing Salve |
| 8:03 | Fortress |
| 8:05 | Reinforced Defenses |
| 8:49 | Great Hall |
| 8:51 | Watch Tower |
| 8:53 | Watch Tower |
| 9:08 | Troll Headhunter |
| 9:13 | Spirit Lodge |
| 9:46 | Watch Tower |
| 10:29 | Shaman Adept Training |
| 10:29 | Shaman |
| 10:30 | Shaman |
| 10:45 | Demolisher |
| 10:50 | Orc Burrow |
| 11:15 | Steel Ranged Weapons |
| 11:27 | Berserker Upgrade |
| 13:08 | Demolisher |
| 13:08 | Demolisher |
| 13:27 | Demolisher |
| 13:27 | Demolisher |
| 13:44 | Steel Armor |
| 13:44 | Thorium Armor |
| 13:48 | Thorium Ranged Weapons |
| 13:59 | Demolisher |
| 16:51 | Demolisher |
| 16:58 | Peon |
| 16:58 | Peon |
| 17:02 | Demolisher |
| 17:46 | Tome of Retraining |
| 17:46 | Retrain Hero |
| 17:48 | Shockwave |
| 17:48 | Shockwave |
| 17:49 | Endurance Aura |
| 18:08 | Endurance Aura |
| 18:47 | Shockwave |
| 20:11 | Shaman Master Training |
| 20:11 | Shaman |
| 20:11 | Shaman |
| 20:14 | Burning Oil |
| 22:36 | Stronghold |
| 22:49 | Orc Burrow |
| 23:18 | Great Hall |
| 23:45 | Orc Burrow |
| 23:52 | Watch Tower |
| 23:54 | Watch Tower |
| 23:58 | War Mill |
| 24:16 | Orc Burrow |
| 25:32 | Watch Tower |
| 26:02 | Orc Burrow |
| 26:04 | Stronghold |
| 26:24 | Watch Tower |
| 27:03 | Orc Burrow |
| 27:06 | Orc Burrow |
| 28:30 | Beastiary |
| 28:31 | Beastiary |
| 29:03 | Voodoo Lounge |
| 29:11 | Beastiary |
| 29:16 | Orc Burrow |
| 29:29 | War Mill |
| 29:53 | Troll Batrider |
| 29:53 | Troll Batrider |
| 29:59 | Troll Batrider |
| 29:59 | Troll Batrider |
| 29:59 | Troll Batrider |
| 29:59 | Troll Batrider |
| 30:05 | Troll Batrider |
| 30:05 | Troll Batrider |
| 30:05 | Troll Batrider |
| 30:18 | Troll Batrider |
| 30:19 | Troll Batrider |
| 30:20 | Troll Batrider |
| 30:27 | Troll Batrider |
| 30:27 | Troll Batrider |
| 30:55 | Troll Batrider |
| 30:55 | Troll Batrider |
| 31:13 | Troll Batrider |
| 31:13 | Troll Batrider |
| 31:17 | Reincarnation |
| 31:39 | Troll Batrider |
| 31:40 | Troll Batrider |
| 32:12 | Voodoo Lounge |
| 36:34 | Altar of Darkness |
| 39:03 | Scroll of Town Portal |
| Right click | 2570 |
| Select group | 1001 |
| Select | 768 |
| Chat | 227 |
| Build/train/purchase | 120 |
| Use ability | 103 |
| Misc. action | 72 |
| Assign group | 43 |
| Resource trade | 12 |
| Remove unit | 7 |
| Minimap ping | 7 |
| Item give/drop | 3 |
78 units @ 7.9k
/ 1.1k
145 buildings @ 8.3k
/ 4k


| Orb of Fire | 3 | 975 |
| Lesser Clarity Potion | 2 | 140 |
| Scroll of Town Portal | 1 | 350 |
| Boots of Speed | 4 | 1000 |
| Potion of Lesser Invulnerability | 1 | 150 |
| Periapt of Vitality | 1 | 325 |
| total: | 12 | 2940g |
| Peasant | 21 | 1575 | / | 0 |
| Footman | 6 | 810 | / | 0 |
| Mortar Team | 9 | 1620 | / | 630 |
| Flying Machine | 14 | 1400 | / | 420 |
| total: | 50 | 5405g | / | 1050w |
| Scout Tower | 33 | 990 | / | 660 |
| Arcane Tower | 1 | 70 | / | 50 |
| Guard Tower | 17 | 1190 | / | 850 |
| Altar of Kings | 1 | 180 | / | 50 |
| Barracks | 1 | 160 | / | 60 |
| Farm | 22 | 1760 | / | 440 |
| Lumber Mill | 1 | 120 | / | 0 |
| Arcane Vault | 3 | 390 | / | 90 |
| Town Hall | 1 | 385 | / | 205 |
| Blacksmith | 1 | 140 | / | 60 |
| Workshop | 3 | 420 | / | 420 |
| Keep | 1 | 320 | / | 210 |
| Castle | 1 | 360 | / | 210 |
| total: | 66 | 4545g | / | 1985w |
| 0:02 | Altar of Kings |
| 0:03 | Peasant |
| 0:03 | Peasant |
| 0:03 | Peasant |
| 0:19 | Barracks |
| 0:23 | Peasant |
| 0:35 | Farm |
| 0:53 | Farm |
| 1:14 | Peasant |
| 1:14 | Peasant |
| 1:22 | Footman |
| 1:29 | Footman |
| 1:42 | Farm |
| 1:49 | Footman |
| 1:54 | Peasant |
| 2:15 | Peasant |
| 2:15 | Peasant |
| 2:21 | Lumber Mill |
| 2:25 | Scout Tower |
| 2:28 | Storm Bolt |
| 2:33 | Peasant |
| 2:44 | Scout Tower |
| 3:24 | Peasant |
| 3:26 | Arcane Tower |
| 3:28 | Peasant |
| 3:31 | Scout Tower |
| 4:33 | Guard Tower |
| 4:35 | Scout Tower |
| 4:35 | Scout Tower |
| 4:36 | Scout Tower |
| 5:05 | Scout Tower |
| 5:07 | Scout Tower |
| 5:09 | Guard Tower |
| 5:12 | Footman |
| 5:16 | Arcane Vault |
| 5:26 | Guard Tower |
| 5:28 | Scout Tower |
| 5:29 | Guard Tower |
| 5:44 | Guard Tower |
| 5:56 | Scout Tower |
| 5:58 | Scout Tower |
| 5:58 | Scout Tower |
| 5:59 | Scout Tower |
| 5:59 | Scout Tower |
| 6:07 | Guard Tower |
| 6:25 | Scout Tower |
| 6:26 | Scout Tower |
| 6:27 | Scout Tower |
| 6:27 | Scout Tower |
| 6:29 | Guard Tower |
| 6:37 | Scout Tower |
| 6:38 | Scout Tower |
| 6:38 | Scout Tower |
| 6:41 | Footman |
| 6:41 | Footman |
| 7:11 | Guard Tower |
| 7:20 | Town Hall |
| 7:28 | Guard Tower |
| 7:33 | Peasant |
| 7:34 | Peasant |
| 7:34 | Peasant |
| 7:43 | Peasant |
| 7:43 | Improved Lumber Harvesting |
| 8:05 | Scout Tower |
| 8:06 | Scout Tower |
| 8:07 | Scout Tower |
| 8:14 | Guard Tower |
| 8:22 | Farm |
| 8:22 | Farm |
| 8:44 | Bash |
| 8:44 | Bash |
| 8:59 | Keep |
| 9:03 | Peasant |
| 9:20 | Guard Tower |
| 9:26 | Scout Tower |
| 9:27 | Scout Tower |
| 9:28 | Scout Tower |
| 9:33 | Peasant |
| 9:40 | Improved Masonry |
| 9:44 | Guard Tower |
| 10:22 | Guard Tower |
| 10:23 | Scout Tower |
| 10:24 | Scout Tower |
| 10:25 | Scout Tower |
| 10:31 | Peasant |
| 10:32 | Peasant |
| 10:32 | Peasant |
| 10:38 | Farm |
| 10:38 | Farm |
| 10:50 | Guard Tower |
| 10:52 | Guard Tower |
| 11:01 | Guard Tower |
| 11:02 | Scout Tower |
| 11:03 | Scout Tower |
| 11:46 | Castle |
| 11:51 | Blacksmith |
| 12:13 | Advanced Lumber Harvesting |
| 12:14 | Advanced Masonry |
| 12:20 | Guard Tower |
| 12:25 | Holy Light |
| 13:03 | Workshop |
| 13:19 | Black Gunpowder |
| 13:24 | Imbued Masonry |
| 13:28 | Mortar Team |
| 13:31 | Workshop |
| 14:02 | Workshop |
| 14:05 | Flare |
| 14:26 | Refined Gunpowder |
| 14:27 | Iron Plating |
| 14:49 | Mortar Team |
| 15:02 | Mortar Team |
| 15:27 | Fragmentation Shards |
| 15:28 | Flak Cannons |
| 15:28 | Flying Machine Bombs |
| 16:20 | Flying Machine |
| 16:20 | Flying Machine |
| 16:20 | Flying Machine |
| 16:21 | Flying Machine |
| 16:21 | Flying Machine |
| 16:21 | Flying Machine |
| 16:49 | Scout Tower |
| 16:52 | Flying Machine |
| 16:52 | Flying Machine |
| 16:52 | Flying Machine |
| 17:29 | Farm |
| 17:30 | Farm |
| 17:31 | Farm |
| 17:32 | Farm |
| 18:06 | Imbued Gunpowder |
| 18:07 | Steel Plating |
| 18:09 | Farm |
| 18:10 | Farm |
| 18:44 | Flying Machine |
| 18:45 | Flying Machine |
| 19:25 | Flying Machine |
| 19:25 | Flying Machine |
| 19:25 | Flying Machine |
| 19:46 | Farm |
| 19:47 | Farm |
| 19:48 | Farm |
| 19:57 | Farm |
| 20:08 | Farm |
| 20:10 | Farm |
| 20:14 | Farm |
| 20:20 | Farm |
| 20:40 | Farm |
| 21:02 | Mortar Team |
| 23:29 | Mortar Team |
| 23:32 | Mithril Plating |
| 23:33 | Studded Leather Armor |
| 28:47 | Divine Shield |
| 30:09 | Storm Bolt |
| 34:09 | Mortar Team |
| 34:09 | Mortar Team |
| 34:09 | Mortar Team |
| 34:13 | Divine Shield |
| 35:33 | Holy Light |
| 36:12 | Arcane Vault |
| 36:13 | Arcane Vault |
| 36:26 | Storm Bolt |
| 36:38 | Orb of Fire |
| 37:28 | Boots of Speed |
| 37:28 | Boots of Speed |
| 37:35 | Potion of Lesser Invulnerability |
| 37:38 | Periapt of Vitality |
| 38:21 | Boots of Speed |
| 38:21 | Boots of Speed |
| 38:31 | Mortar Team |
| 38:49 | Scroll of Town Portal |
| 38:50 | Orb of Fire |
| 38:52 | Orb of Fire |
| 39:43 | Reinforced Leather Armor |
| 41:09 | Bash |
| 41:10 | Holy Light |
| 41:11 | Bash |
| 41:20 | Lesser Clarity Potion |
| 41:20 | Lesser Clarity Potion |
| Right click | 1706 |
| Select group | 613 |
| Select | 513 |
| Build/train/purchase | 130 |
| Use ability | 125 |
| Misc. action | 94 |
| Chat | 24 |
| Assign group | 22 |
| Item give/drop | 9 |
| Minimap ping | 5 |
| Remove unit | 4 |
Cabeelibob
(194)
(45:04) : 

| Peasant | 24 | 1800 | / | 0 |
| Footman | 1 | 135 | / | 0 |
| Dragonhawk Rider | 3 | 600 | / | 90 |
| total: | 28 | 2535g | / | 90w |
| Scout Tower | 67 | 2010 | / | 1340 |
| Arcane Tower | 7 | 490 | / | 350 |
| Guard Tower | 28 | 1960 | / | 1400 |
| Altar of Kings | 1 | 180 | / | 50 |
| Farm | 4 | 320 | / | 80 |
| Barracks | 1 | 160 | / | 60 |
| Lumber Mill | 2 | 240 | / | 0 |
| Town Hall | 1 | 385 | / | 205 |
| Arcane Vault | 1 | 130 | / | 30 |
| Gryphon Aviary | 1 | 140 | / | 150 |
| Arcane Sanctum | 1 | 150 | / | 140 |
| Keep | 1 | 320 | / | 210 |
| Castle | 1 | 360 | / | 210 |
| total: | 79 | 3715g | / | 2055w |
| 0:04 | Altar of Kings |
| 0:07 | Farm |
| 0:09 | Peasant |
| 0:18 | Peasant |
| 0:26 | Peasant |
| 0:46 | Barracks |
| 0:57 | Lumber Mill |
| 1:01 | Peasant |
| 1:01 | Peasant |
| 1:09 | Farm |
| 1:16 | Peasant |
| 1:39 | Scout Tower |
| 1:41 | Peasant |
| 1:54 | Peasant |
| 2:10 | Storm Bolt |
| 2:31 | Scout Tower |
| 2:32 | Arcane Tower |
| 2:34 | Improved Masonry |
| 2:53 | Peasant |
| 2:53 | Peasant |
| 3:05 | Guard Tower |
| 3:09 | Footman |
| 3:23 | Scout Tower |
| 3:27 | Scout Tower |
| 3:29 | Scout Tower |
| 3:42 | Peasant |
| 3:48 | Farm |
| 3:52 | Peasant |
| 4:03 | Scout Tower |
| 4:04 | Guard Tower |
| 4:07 | Scout Tower |
| 4:31 | Scout Tower |
| 4:37 | Scout Tower |
| 4:39 | Scout Tower |
| 4:40 | Scout Tower |
| 4:42 | Guard Tower |
| 4:49 | Peasant |
| 4:49 | Peasant |
| 5:08 | Guard Tower |
| 5:10 | Scout Tower |
| 5:22 | Guard Tower |
| 5:39 | Guard Tower |
| 6:02 | Scout Tower |
| 6:23 | Guard Tower |
| 6:32 | Scout Tower |
| 6:35 | Scout Tower |
| 7:04 | Town Hall |
| 7:11 | Peasant |
| 7:16 | Guard Tower |
| 7:33 | Guard Tower |
| 7:47 | Scout Tower |
| 7:48 | Scout Tower |
| 7:49 | Scout Tower |
| 7:50 | Scout Tower |
| 7:51 | Scout Tower |
| 8:24 | Guard Tower |
| 8:43 | Keep |
| 8:53 | Guard Tower |
| 9:07 | Peasant |
| 9:08 | Peasant |
| 9:08 | Peasant |
| 9:10 | Peasant |
| 9:10 | Peasant |
| 9:21 | Scout Tower |
| 9:23 | Guard Tower |
| 9:25 | Scout Tower |
| 9:26 | Scout Tower |
| 9:40 | Scout Tower |
| 9:41 | Scout Tower |
| 9:42 | Scout Tower |
| 9:43 | Scout Tower |
| 9:44 | Scout Tower |
| 9:44 | Scout Tower |
| 9:45 | Scout Tower |
| 10:01 | Guard Tower |
| 10:03 | Arcane Tower |
| 10:20 | Guard Tower |
| 10:24 | Arcane Tower |
| 10:28 | Scout Tower |
| 10:49 | Guard Tower |
| 11:11 | Peasant |
| 11:11 | Peasant |
| 11:11 | Peasant |
| 11:13 | Guard Tower |
| 11:17 | Arcane Tower |
| 11:20 | Scout Tower |
| 11:25 | Advanced Masonry |
| 11:31 | Lumber Mill |
| 11:48 | Arcane Tower |
| 11:50 | Scout Tower |
| 11:57 | Peasant |
| 12:04 | Holy Light |
| 12:14 | Castle |
| 12:21 | Arcane Tower |
| 12:24 | Scout Tower |
| 13:02 | Scout Tower |
| 13:03 | Scout Tower |
| 13:05 | Scout Tower |
| 13:30 | Guard Tower |
| 13:32 | Guard Tower |
| 13:38 | Arcane Tower |
| 13:42 | Guard Tower |
| 13:55 | Gryphon Aviary |
| 14:30 | Arcane Vault |
| 14:44 | Imbued Masonry |
| 15:25 | Scout Tower |
| 15:26 | Scout Tower |
| 15:27 | Scout Tower |
| 15:57 | Guard Tower |
| 16:11 | Scout Tower |
| 16:15 | Scout Tower |
| 16:16 | Guard Tower |
| 16:22 | Cloud |
| 16:22 | Dragonhawk Rider |
| 16:22 | Dragonhawk Rider |
| 16:25 | Farm |
| 16:43 | Guard Tower |
| 16:51 | Guard Tower |
| 17:12 | Improved Lumber Harvesting |
| 17:17 | Arcane Sanctum |
| 18:11 | Dragonhawk Rider |
| 20:32 | Magic Sentry |
| 35:23 | Scout Tower |
| 35:24 | Scout Tower |
| 35:25 | Scout Tower |
| 35:26 | Scout Tower |
| 36:03 | Guard Tower |
| 36:08 | Guard Tower |
| 36:15 | Scout Tower |
| 36:16 | Scout Tower |
| 36:17 | Scout Tower |
| 36:20 | Scout Tower |
| 36:20 | Scout Tower |
| 36:29 | Scout Tower |
| 36:30 | Scout Tower |
| 36:31 | Scout Tower |
| 36:32 | Scout Tower |
| 37:19 | Guard Tower |
| 37:32 | Guard Tower |
| 38:57 | Scout Tower |
| 40:45 | Guard Tower |
| 41:20 | Scout Tower |
| 41:21 | Scout Tower |
| 41:21 | Scout Tower |
| 41:23 | Scout Tower |
| 41:26 | Scout Tower |
| 41:27 | Scout Tower |
| 41:28 | Scout Tower |
| 41:29 | Scout Tower |
| 41:29 | Scout Tower |
| 41:30 | Scout Tower |
| 41:30 | Scout Tower |
| Right click | 1169 |
| Select group | 686 |
| Select | 473 |
| Resource trade | 96 |
| Build/train/purchase | 93 |
| Chat | 88 |
| Misc. action | 64 |
| Assign group | 23 |
| Use ability | 20 |
| Minimap ping | 2 |